 Dungeon Crawl Stone Soup version 0.21.1-1-g345015fe64 (webtiles) character file.

89 Evaline the Magician (level 4, -2/34 HPs)
             Began as a Draconian Wizard on June 13, 2018.
             Slain by Purgy (7 damage)
             ... in a sewer.
             The game lasted 00:18:42 (1987 turns).

Evaline the Magician (Draconian Wizard)             Turns: 1987, Time: 00:18:42

Health: -2/34      AC:  6    Str: 10    XL:     4   Next: 31%
Magic:  0/9        EV: 12    Int: 19    God:
Gold:   94         SH:  0    Dex:  9    Spells: 3/10 levels left

rFire    . . .     SeeInvis .   h - +4 dagger
rCold    . . .     Gourm    .   (no shield)
rNeg     . . .     Faith    .   (armour unavailable)
rPois    .         Spirit   .   f - +0 hat
rElec    .         Reflect  .   (no cloak)
rCorr    .         Harm     .   (no gloves)
MR       .....                  k - +0 pair of boots
Stlth    +.........             (no amulet)
HPRegen  0.11/turn              (no ring)
MPRegen  0.11/turn              (no ring)

@: very slow
A: unfitting armour, cold-blooded, AC +5
a: no special abilities


You were in a sewer.
You were very hungry.

You visited 1 branch of the dungeon, and saw 3 of its levels.
You also visited: Sewer.

You collected 94 gold pieces.

Inventory:

Hand Weapons
 a - a +0 mace
 b - a +0 dagger
 h - a +4 dagger (weapon)
Missiles
 i - 7 stones (quivered)
Armour
 f - a +0 hat (worn)
 k - a +0 pair of boots (worn)
Scrolls
 j - a scroll of teleportation {unknown}
Potions
 d - a potion of curing {unknown}
 l - a potion of brilliance {unknown}
Books
 e - a book of Minor Magic

   Spells                             Type                      Level
   a - Magic Dart                     Conjuration                  1
   b - Blink                          Translocation                2
   c - Call Imp                       Summoning                    2
   d - Slow                           Hexes                        2
   e - Conjure Flame                  Conjuration/Fire             3
   f - Mephitic Cloud                 Conjuration/Poison/Air       3
Comestibles
 c - 3 rations


   Skills:
 + Level 0.8 Fighting
 + Level 2.0 Dodging
 + Level 2.1 Stealth
 + Level 3.8 Spellcasting
 * Level 1.4 Conjurations
 * Level 0.6 Hexes
 * Level 1.5 Summonings
 * Level 1.4 Translocations


You had 3 spell levels left.
You knew the following spells:

 Your Spells              Type           Power        Failure   Level  Hunger
a - Magic Dart            Conj           #...         8%          1    None
b - Slow                  Hex            #.......     16%         2    ##.....
c - Blink                 Tloc           N/A          12%         2    ##.....
d - Call Imp              Summ           #.......     11%         2    ##.....


Dungeon Overview and Level Annotations

Branches:
Dungeon (3/15)

Altars:
Zin

Annotations:
Sewer Purgy


Innate Abilities, Weirdness & Mutations

Your plain brown scales are hard. (AC +5)
You cannot fit into any form of body armour.
You are cold-blooded and may be slowed by cold attacks.


Message History

Confirm with . or Enter, or press ? or * to list all spells.
Aiming: Magic Dart
Press: ? - help, Shift-Dir - straight line, f/p - Purgy
Aim: Purgy (severely wounded)
The magic dart hits Purgy.
Purgy is severely wounded.
Purgy bites you.
* * * LOW HITPOINT WARNING * * *
Purgy claws you but does no damage. Purgy closely misses you.
As you read the scroll labeled TONTOE NAZAI, it crumbles to dust.
Your ears itch!
It was a scroll of random uselessness.
Purgy closely misses you. Purgy claws you.
* * * LOW HITPOINT WARNING * * *
Purgy claws you.
* * * LOW HITPOINT WARNING * * *
You are feeling very hungry.
You closely miss Purgy.
Purgy is severely wounded.
Purgy bites you!
You die...

#≈≈≈#≈≈≈≈≈≈≈≈#≈≈
#≈≈≈≈≈≈≈≈≈≈≈≈≈≈≈≈≈###
#≈≈≈≈≈≈≈≈≈≈≈≈≈≈≈≈≈≈≈##
#≈≈≈≈≈≈≈≈≈≈≈≈≈≈≈≈≈≈≈≈#
≈≈≈≈≈≈≈≈≈≈≈≈≈≈≈≈≈≈≈≈≈###
≈≈≈≈≈≈≈≈≈≈≈≈≈≈≈≈≈≈≈≈≈≈≈##
≈≈≈≈≈≈≈≈≈≈≈≈≈≈≈≈≈≈≈≈≈≈≈≈#
≈≈≈≈≈≈≈≈≈≈≈≈≈≈≈≈≈≈≈≈≈≈≈≈##
≈≈≈≈≈≈≈≈#.≈≈≈≈T@≈≈≈≈≈≈≈≈≈##
≈≈≈≈≈≈≈.####≈####.≈≈≈≈≈≈≈≈#≈#
≈≈≈≈≈.### #≈# ##.≈≈≈≈≈≈≈≈≈≈
≈≈≈≈T# #.# #≈≈≈≈≈≈≈≈≈≈≈≈
≈≈≈≈≈ #.# #.≈≈≈≈≈≈≈≈≈≈# ≈≈≈.
#≈# ##≈≈≈≈≈≈≈≈≈≈# ≈≈. #.#
##.≈≈≈≈≈≈≈## ≈S. #.#
#≈≈≈≈≈≈≈≈≈# ?≈? ##≈≈≈≈≈≈≈≈#


You could see Purgy.

Vanquished Creatures
  2 adders
  An ooze (D:1)
  A dart slug (D:3)
  2 leopard geckos (D:3)
  An orc (D:1)
  A ball python (D:1)
  7 bats
  4 giant cockroaches
  2 goblins (D:1)
  7 hobgoblins
  4 jackals (D:1)
  3 frilled lizards (Sewer)
  3 kobolds (D:1)
  6 rats
44 creatures vanquished.

Vanquished Creatures (collateral kills)
  3 adders
  A giant cockroach (D:3)
  A goblin (D:3)
  A hobgoblin (D:3)
  A jackal (D:1)
7 creatures vanquished.

Grand Total: 51 creatures vanquished

Notes
Turn   | Place    | Note
-------+----------+-------------------------------------------
     0 | D:1      | Evaline the Draconian Wizard began the quest for the Orb.
     0 | D:1      | Reached XP level 1. HP: 14/14 MP: 4/4
   127 | D:2      | Found a glowing silver altar of Zin.
   140 | D:2      | Reached XP level 2. HP: 15/20 MP: 0/6
   298 | D:1      | Learned a level 2 spell: Slow
   301 | D:1      | Learned a level 2 spell: Blink
   304 | D:1      | Learned a level 2 spell: Call Imp
   571 | D:1      | Reached XP level 3. HP: 26/26 MP: 5/8
  1470 | D:3      | Reached XP level 4. HP: 33/34 MP: 3/9
  1593 | D:3      | Found a glowing drain.
  1639 | Sewer    | Entered a sewer
  1953 | Sewer    | Noticed Purgy
  1987 | Sewer    | Slain by Purgy

Skill      XL: |  1  2  3  4 |
---------------+-------------+-----
Stealth        | 2 |  2.1
Dodging        | 2 |  2.0
Fighting       | |  0.8
Spellcasting   | |  3.8
Conjurations   | |  1.4
Hexes          | |  0.6
Summonings     | |  1.5
Translocations | |  1.4

Action                   |  1- 3 |  4- 6 || total
-------------------------+-------+-------++-------
Melee: Unarmed           |    13 |       ||    13
       Dagger            |    45 |     4 ||    49
       Falchion          |    14 |       ||    14
       Tailslap          |     1 |     1 ||     2
       Mace              |    28 |    15 ||    43
Throw: Stone             |     1 |       ||     1
 Cast: Magic Dart        |    75 |    20 ||    95
       Call Imp          |     4 |     6 ||    10
       Slow              |     3 |       ||     3
  Use: Scroll            |       |     1 ||     1
 Stab: Sleeping          |     4 |       ||     4
  Eat: Chunk             |     1 |     2 ||     3
Armor: Skin              |    61 |    43 ||   104
Dodge: Dodged            |   105 |    53 ||   158
       Rpst.: Falchion   |     6 |       ||     6
